 Dungeon Crawl Stone Soup version bcrawl-1.27.5 (webtiles) character file.

Game seed: 8764858428469914312

365808 Freyura the Cruncher (level 10, 0/88 HPs)
             Began as a Demonspawn Gladiator on Aug 15, 2020.
             Was a Follower of Ru.
             Slain by a killer bee (1 damage)
             ... on level 9 of the Dungeon.
             The game lasted 00:28:02 (7931 turns).

Freyura the Cruncher (Demonspawn Gladiator)         Turns: 7931, Time: 00:28:02

Health: 0/88       AC: 17    Str: 15    XL:     10   Next: 72%
Magic:  0/12       EV: 17    Int: 10    God:    Ru [*.....]
Gold:   821        SH:  0    Dex: 17    Spells: 9/9 levels left

rFire    + + .     SeeInvis .   x - +5 scythe "Finisher" {speed, eviscerate}
rCold    . . .     Gourm    .   (shield currently unavailable)
rNeg     . . .     Faith    .   i - +3 ring mail {rF+}
rPois    .         Spirit   +   c - +2 helmet
rElec    .         Reflect  .   (no cloak)
rCorr    .         Harm     .   (no gloves)
MR       .....                  (no boots)
Stlth    +.........             (no amulet)
HPRegen  0.24/turn              l - +5 ring of protection
MPRegen  0.13/turn              (no ring)

@: no status effects
A: hooves 2, repulsion field 1, fire resistance 1, robust 1, magic shield, flame
cloud immunity, no earth magic, no hexes magic, no translocations magic
a: Renounce Religion


You were on level 9 of the Dungeon.
You worshipped Ru.
Ru was aware of your devotion.
You were very hungry.

You visited 2 branches of the dungeon, and saw 10 of its levels.
You also visited: Bailey.

You collected 821 gold pieces.

Inventory:

Hand Weapons
 a - a +2 quarterstaff
 x - the +5 scythe "Finisher" (weapon) {speed, eviscerate}
   (You found it on level 8 of the Dungeon)

   Attacks with this weapon are significantly faster.
 y - the +6 glaive "Pendulum" {chop, +Blink Str+4 Int+4, unknown}
   (You found it in a bailey)

   It will always inflict at least some extra damage.
   This minimum extra damage increases with your current reserve of magical
   power.
   It affects your strength (+4).
   It affects your intelligence (+4).
   It lets you blink.
Missiles
 d - 5 throwing nets {=f}
Armour
 c - a +2 helmet (worn)
 i - a +3 ring mail of fire resistance (worn)
 z - a +3 leather armour of fire resistance
Jewellery
 l - a +5 ring of protection (left hand)
Wands
 g - a wand of iceblast (17)
 u - a wand of digging (9)
 v - a wand of acid (4)
Scrolls
 b - 3 scrolls of remove curse
 n - 4 scrolls of identify
 o - 5 scrolls of teleportation
 w - 2 scrolls of immolation
 C - a scroll of fog
Potions
 f - 2 potions of mutation
 h - 3 potions of flight
 j - 3 potions of curing
 k - 3 potions of haste
 m - a potion of magic
 p - 2 potions of lignification
 q - a potion of heal wounds
 r - a potion of ambrosia
 s - a potion of agility
 t - a potion of brilliance {unknown}
Miscellaneous
 A - a lightning rod (4/4)
Comestibles
 e - 14 rations {!d}


   Skills:
 + Level 7.7 Fighting
 * Level 4.6(7.3) Polearms
 - Level 8.7(9.2) Staves
 - Level 1.7 Throwing
 - Level 5.7 Armour
 + Level 7.3 Dodging
 + Level 3.2 Evocations


You had 9 spell levels left.
You didn't know any spells.
Your spell library contained the following spells:

 Spells                   Type           Power        Failure   Level  Hunger
 Magic Dart               Conj           #...         56%         1    None
 Searing Ray              Conj           #.......     71%         2    ####...
 Iskenderun's Mystic Bla  Conj           #.......     91%         3    #####..
 Irradiate                Conj/Tmut      #.........   100%        5    #######
 Confuse                  Hex            Unusable     N/A         3    N/A
 Dazzling Orbs            Conj/Hex       Unusable     N/A         3    N/A
 Fulminant Prism          Conj/Hex       Unusable     N/A         4    N/A
 Petrify                  Tmut/Erth      Unusable     N/A         4    N/A
 Yara's Violent Unravell  Hex/Tmut       Unusable     N/A         4    N/A
 Metabolic Englaciation   Hex/Ice        Unusable     N/A         5    N/A
 Mana Rupture             Conj/Hex       Unusable     N/A         7    N/A

Dungeon Overview and Level Annotations

Branches:
Dungeon (9/12)             Temple (1/1) D:4            Lair (0/6) D:8
    Orc: D:8-11

Altars:
Ashenzari
Cheibriados
Dithmenos
Elyvilon
Gozag
Hepliaklqana
Kikubaaqudgha
Lugonu
Makhleb
Nemelex Xobeh
Qazlal
Ru
Sif Muna
Trog
Vehumet
Wu Jian
Xom
Yredelemnul
Zin
The Shining One

Shops:
D:8 =   D:9 [

Annotations:
D:8 exclusion: statue


Innate Abilities, Weirdness & Mutations

You have hoof-like feet.
You are surrounded by a mild repulsion field. (EV +2)
Your flesh is heat resistant. (rF+)
You are robust. (+10% HP)
When hurt, damage is shared between your health and your magic reserves.
You are immune to clouds of flame.
You cannot study or cast Earth magic.
You cannot study or cast Hexes magic.
You cannot study or cast Translocations magic.


Message History

The killer bee stings you but does no damage. x2
The hound bites you.
* * * LOW HITPOINT WARNING * * *
The killer bee stings you but does no damage.
The killer bee misses you. The hound closely misses you.
The killer bee stings you but does no damage.
You closely miss the hound. You kick the hound.
The hound is lightly wounded.
The killer bee stings you but does no damage.
The killer bee misses you. The hound bites you.
* * * LOW HITPOINT WARNING * * *
The killer bee stings you but does no damage. x2
You barely miss the hound. You kick the hound.
The hound is heavily wounded.
The killer bee stings you but does no damage.
The killer bee stings you.
* * * LOW HITPOINT WARNING * * *
The hound barely misses you. The killer bee misses you.
The killer bee stings you.
You die...

#.....)....... #.......##.#
##....∩.....##..##...
#...........#.......#
###.........#...##..# ..
#........#.....#..###
...##..(.....##.........##
#........yhy.#...........##
.###.....†@..#....>........
#...#.......[............
#.............#...<.......
##$...........###.........
#.........^...#...###..>#
#.................## .##
#.#.........#..#### #
##...###...##.... ####
#......#..


You could see a hound and 2 killer bees.

Vanquished Creatures
  A centaur warrior (D:9)
  2 two-headed ogres (D:8)
  An elephant (D:8)
  Prince Ribbit (D:6)
  A spriggan (D:7)
  Edmund (D:5)
  Duvessa (D:7)
  4 ice beasts
  3 phantoms
  3 orc warriors
  An ogre (D:5)
  An eye of draining (D:9)
  2 sky beasts (D:4)
  A centaur (D:6)
  A big kobold (D:8)
  2 bullfrogs (D:8)
  8 gnoll sergeants (Bailey)
  Dowan (D:7)
  A water moccasin zombie (D:9)
  2 scorpions
  4 killer bees
  3 wights (D:6)
  A crimson imp (D:5)
  2 jellies
  4 hounds
  2 orc priests
  6 gnoll shamans (Bailey)
  A bullfrog skeleton (D:4)
  A centaur skeleton (D:4)
  Jessica (D:3)
  7 orc wizards
  7 worker ants
  A hound zombie (D:5)
  7 adders
  14 gnolls (Bailey)
  3 shadow imps
  An ooze (D:2)
  A worm (D:4)
  3 dart slugs
  8 leopard geckos
  25 orcs
  3 ball pythons
  7 giant cockroaches
  3 goblins (D:1)
  9 hobgoblins
  17 jackals
  5 quokkas
  5 bats
  4 frilled lizards
  A jackal skeleton (D:7)
  13 kobolds
  A quokka skeleton (D:5)
  4 rats
212 creatures vanquished.

Notes
Turn   | Place    | Note
-------+----------+-------------------------------------------
     0 | D:1      | Freyura the Demonspawn Gladiator began the quest for the
                  | Orb.
     0 | D:1      | Reached XP level 1. HP: 16/16 MP: 1/1
   161 | D:1      | Gained mutation: You are surrounded by a mild repulsion
                  | field. (EV +2) [demonic ancestry]
   161 | D:1      | Reached XP level 2. HP: 22/22 MP: 2/2
   197 | D:1      | Reached skill level 3 in Staves
   722 | D:1      | Gained mutation: You have large cloven feet. [demonic
                  | ancestry]
   722 | D:1      | Reached XP level 3. HP: 23/28 MP: 3/3
   976 | D:2      | Reached skill level 1 in Armour
  1708 | D:3      | Gained mutation: Your flesh is heat resistant. (rF+)
                  | [demonic ancestry]
  1708 | D:3      | Reached XP level 4. HP: 34/34 MP: 4/4
  1755 | D:3      | Found a sacrificial altar of Ru.
  1772 | D:3      | Became a worshipper of Ru the Awakened
  2051 | D:3      | Noticed Jessica
  2058 | D:3      | Killed Jessica
  2058 | D:3      | Gained mutation: You have hoof-like feet. [demonic
                  | ancestry]
  2058 | D:3      | Reached XP level 5. HP: 14/40 MP: 5/5
  2177 | D:3      | Found a basalt altar of Yredelemnul.
  2444 | D:3      | Found a glowing golden altar of the Shining One.
  2482 | D:3      | Found an opulent altar of Gozag.
  2568 | D:3      | Found a white marble altar of Elyvilon.
  2765 | D:4      | Reached skill level 4 in Staves
  2821 | D:4      | Found an ancient bone altar of Kikubaaqudgha.
  2917 | D:4      | Gained mutation: When hurt, damage is shared between your
                  | health and your magic reserves. [demonic ancestry]
  2917 | D:4      | Reached XP level 6. HP: 44/47 MP: 6/6
  2943 | D:4      | Gained mutation: You cannot study or cast Earth magic. [Ru
                  | sacrifice]
  2943 | D:4      | Gained mutation: You cannot study or cast Hexes magic. [Ru
                  | sacrifice]
  2943 | D:4      | Gained mutation: You cannot study or cast Translocations
                  | magic. [Ru sacrifice]
  2943 | D:4      | Reached * piety under Ru
  2992 | D:4      | Noticed an ice beast
  2994 | D:4      | Noticed a sky beast
  2998 | D:4      | Killed an ice beast
  3010 | D:4      | HP: 1/47 [something (5)]
  3057 | D:4      | Killed a sky beast
  3057 | D:4      | Reached skill level 5 in Staves
  3152 | D:4      | Found a staircase to the Ecumenical Temple.
  3343 | D:4      | Noticed a sky beast
  3357 | D:4      | Killed a sky beast
  3357 | D:4      | Reached XP level 7. HP: 45/53 MP: 7/7
  3555 | Temple   | Entered the Ecumenical Temple
  3616 | D:5      | Entered Level 5 of the Dungeon
  3645 | D:5      | Noticed Edmund
  3662 | D:5      | Killed Edmund
  3808 | D:5      | Reached skill level 6 in Staves
  3808 | D:5      | Gained mutation: You are immune to clouds of flame.
                  | [demonic ancestry]
  3808 | D:5      | Reached XP level 8. HP: 38/61 MP: 4/8
  4206 | D:5      | Found an ornate altar of the Wu Jian Council.
  4489 | D:6      | Reached skill level 5 in Dodging
  4558 | D:6      | Reached skill level 5 in Fighting
  4784 | D:6      | Reached skill level 7 in Staves
  4930 | D:6      | Found a hazy altar of Hepliaklqana.
  4960 | D:6      | Noticed Prince Ribbit
  4974 | D:6      | Killed Prince Ribbit
  4974 | D:6      | Reached XP level 9. HP: 56/68 MP: 6/9
  5141 | D:6      | HP: 3/69 [orc priest/nerve-wracking pain (4)]
  5674 | D:7      | Found a shattered altar of Ashenzari.
  5795 | D:7      | Noticed Duvessa
  5795 | D:7      | Noticed Dowan
  5921 | D:7      | Killed Duvessa
  5921 | D:7      | Reached skill level 5 in Armour
  5943 | D:7      | Killed Dowan
  5967 | D:7      | Reached skill level 8 in Staves
  6032 | D:7      | Found a radiant altar of Vehumet.
  6133 | D:7      | Found a burning altar of Makhleb.
  6239 | D:7      | Found a shimmering blue altar of Sif Muna.
  6425 | D:8      | Found a flagged portal.
  6426 | D:8      | Found the +5 scythe "Finisher" {speed, eviscerate}
  6443 | Bailey   | Entered a bailey
  6790 | Bailey   | Reached skill level 1 in Polearms
  6944 | Bailey   | Got a masterwork glaive
  7216 | D:8      | Found Wiodyg's Jewellery Boutique.
  7320 | D:8      | Found a bloodstained altar of Trog.
  7345 | D:8      | Found a shadowy altar of Dithmenos.
  7393 | D:8      | Noticed a two-headed ogre
  7399 | D:8      | Killed a two-headed ogre
  7399 | D:8      | Reached skill level 1 in Evocations
  7399 | D:8      | Gained mutation: You are robust. (+10% HP) [demonic
                  | ancestry]
  7399 | D:8      | Reached XP level 10. HP: 65/84 MP: 8/10
  7438 | D:8      | Noticed an elephant
  7439 | D:8      | Found a staircase to the Lair.
  7452 | D:8      | Killed an elephant
  7742 | D:8      | Noticed a two-headed ogre
  7747 | D:8      | Killed a two-headed ogre
  7885 | D:9      | Found Qolaif's Antique Armour Shop.
  7896 | D:9      | Noticed a centaur warrior
  7903 | D:9      | Killed a centaur warrior
  7931 | D:9      | HP: 1/88 [killer bee (4)]
  7931 | D:9      | Slain by a killer bee

Skill      XL: |  1  2  3  4  5  6  7  8  9 10 |
---------------+-------------------------------+-----
Staves         | 3 4 5 6 7 8 |  8.7
Dodging        | 3 4 5 6 7 |  7.3
Armour         | 1 2 3 4 5 |  5.7
Fighting       | 3 4 5 6 7 |  7.7
Polearms       | 2 4 |  4.6
Evocations     | 1 3 |  3.2
Throwing       | |  1.7

Action                   |  1- 3 |  4- 6 |  7- 9 | 10-12 || total
-------------------------+-------+-------+-------+-------++-------
Melee: Quarterstaff      |   152 |   112 |   340 |       ||   604
       Kick              |    13 |    28 |   102 |    16 ||   159
       Scythe            |       |       |   121 |    63 ||   184
Invok: Sacrifice Arcana  |       |     1 |       |       ||     1
Evoke: Wand              |       |       |     2 |       ||     2
  Use: Scroll            |     5 |     4 |     4 |     2 ||    15
       Potion            |       |     6 |     1 |     3 ||    10
 Stab: Paralysed         |       |     1 |       |       ||     1
       Distracted        |       |       |     1 |       ||     1
  Eat: Chunk             |     7 |     3 |    28 |     2 ||    40
       Ration            |       |     1 |       |       ||     1
Armor: Ring mail         |    72 |    39 |   150 |    60 ||   321
       Skin              |       |     9 |       |       ||     9
Dodge: Dodged            |   162 |    68 |   372 |   147 ||   749
